 Dungeon Crawl Stone Soup version 0.26-a0-540-g8a0c9464d7 (webtiles) character file.

Game seed: 2854246578244739442

4 vurker the Sneak (level 1, -2/18 HPs)
             Began as a Formicid Delver on Aug 25, 2020.
             Slain by a hound (4 damage)
             ... on level 5 of the Dungeon.
             The game lasted 00:00:36 (377 turns).

vurker the Sneak (Formicid Delver)                   Turns: 377, Time: 00:00:36

Health: -2/18      AC:  3    Str: 16    XL:     1   Next: 77%
Magic:  1/1        EV: 12    Int:  9    God:
Gold:   0          SH:  0    Dex: 12    Spells: 0/0 levels left

rFire    . . .     SeeInvis +   a - +0 hand axe
rCold    . . .     Faith    .   (no shield)
rNeg     . . .     Spirit   .   b - +0 leather armour
rPois    .         Reflect  .   (helmet unavailable)
rElec    .         Harm     .   (no cloak)
rCorr    .                      (no gloves)
MR       .....                  (no boots)
Stlth    +++.......             (no amulet)
HPRegen  0.06/turn              (no ring)
MPRegen  0.07/turn              (no ring)

@: no status effects
A: permanent stasis, dig shafts and tunnels, four strong arms, antennae 3
a: Dig, Shaft Self


You were on level 5 of the Dungeon.
You visited 1 branch of the dungeon, and saw 1 of its levels.
You also visited: Ossuary.

Inventory:

Hand Weapons
 a - a +0 hand axe (weapon)
Armour
 b - a +0 leather armour (worn)
Wands
 v - a wand of digging (3)
Scrolls
 c - a scroll of fog
 d - a scroll of magic mapping
 e - a scroll of fear


   Skills:
 + Level 3.4 Fighting
 * Level 2.3 Axes
 - Level 1.7 Dodging
 - Level 6.0 Stealth


You couldn't memorise any spells.
You didn't know any spells.
Your spell library was empty.

Dungeon Overview and Level Annotations

Branches:
Dungeon (5/15)            Ossuary (visited)
 Temple: D:4-7

Altars:


Innate Abilities, Weirdness & Mutations

You cannot be hasted, slowed, berserked, paralysed or teleported.
You can dig through walls and to a lower floor.
Your four strong arms can wield two-handed weapons with a shield.
You have a pair of large antennae on your head. (SInv)


Message History

There is an open gate here.
A mummy comes into view.
The kobold skeleton barely misses you. The gnoll skeleton closely misses you.
You barely miss the kobold skeleton. You hit the gnoll skeleton.
The kobold skeleton hits you.
The gnoll skeleton completely misses you.
You completely miss the gnoll skeleton. You hit the kobold skeleton.
The kobold skeleton hits you. The gnoll skeleton hits you.
You hit the kobold skeleton.
You destroy the kobold skeleton!
You hit the gnoll skeleton but do no damage.
You hit the orc skeleton. The orc skeleton hits you.
The gnoll skeleton completely misses you.
You hit the orc skeleton but do no damage.
You hit the gnoll skeleton. You hit the orc skeleton.
The orc skeleton hits you but does no damage.
The gnoll skeleton hits you. The orc skeleton hits you.
* * * LOW HITPOINT WARNING * * *
You hit the gnoll skeleton. You hit the orc skeleton.
You destroy the orc skeleton!
You hit the orc skeleton. The gnoll skeleton hits you.
* * * LOW HITPOINT WARNING * * *
You slash the orc skeleton!
You destroy the orc skeleton!
You hit the orc skeleton.
You hit the gnoll skeleton but do no damage.
The orc skeleton hits you.
* * * LOW HITPOINT WARNING * * *
The gnoll skeleton barely misses you. The orc skeleton hits you.
* * * LOW HITPOINT WARNING * * *
There is an open gate here.
There is a gate leading back out of this place here.
There is a collapsed entrance here.
Found a stone staircase leading down.
A scorpion comes into view.
Found a dagger.
A hound comes into view.
Found a ring mail.
The hound barks!
The hound bites you.
You barely miss the hound. The hound barely misses you. The hound bites you.
* * * LOW HITPOINT WARNING * * *
You hit the hound. The hound bites you but does no damage.
You closely miss the hound. The hound bites you.
* * * LOW HITPOINT WARNING * * *
The hound bites you.
* * * LOW HITPOINT WARNING * * *
You miss the hound. The hound bites you.
You die...

#............#
#............#
#............#
#............#
#............#
#............#
#............#
###..........#
#....@.....#
#.....h....#
#..........#
#..........#
#..........#
#.....[....#
#..........#
#..........#


You could see a hound.

Vanquished Creatures
  2 kobold skeletons (Ossuary)
  5 orc skeletons (Ossuary)
7 creatures vanquished.

Notes
Turn   | Place    | Note
-------+----------+-------------------------------------------
     0 | D:5      | vurker the Formicid Delver began the quest for the Orb.
     0 | D:5      | Reached XP level 1. HP: 18/18 MP: 1/1
     1 | D:5      | Found a sand-covered staircase.
     9 | Ossuary  | Entered an ossuary
     9 | Ossuary  | Noticed a wraith
     9 | Ossuary  | Noticed a wraith
     9 | Ossuary  | Noticed a wraith
   339 | D:5      | Noticed a scorpion
   369 | D:5      | Noticed a hound
   377 | D:5      | Slain by a hound

Illustrated notes

Levels and vault maps discovered:
D:5:      layout_gridville, ashenzari_conservatory_becter,
          lightli_ossuary_entry_decrepit_ruins

Action                   || total
-------------------------++-------
Melee: Hand axe          ||    16
Armor: Leather armour    ||     7
Dodge: Dodged            ||    12

Table legend: (Time is in decaauts)
 A = Elapsed time spent in this place.
 B = Non-inter-level travel time spent in this place.
 C = Inter-level travel time spent in this place.
 D = Time resting spent in this place.
 E = Time spent auto-exploring this place.
 F = Levels seen in this place.
 G = Mean time per level.
                   A        B        C        D        E       F      G
               +--------+--------+--------+--------+--------+-----+--------+
         Total |    380 |    371 |      9 |      0 |    292 |   2 |  190.0 |
       Dungeon |    316 |    307 |      9 |      0 |    269 |   1 |  316.0 |
       Ossuary |     64 |     64 |      0 |      0 |     23 |   1 |   64.0 |
               +--------+--------+--------+--------+--------+-----+--------+

Top non-repeatable levels by time:
     D:5: 316 daAuts
 Ossuary: 64 daAuts
